 Dungeon Crawl Stone Soup version 0.17-a0-1951-g62301d3 (webtiles) character file.

138 derrpe the Sneak (level 5, -2/31 HPs)
             Began as a Halfling Enchanter on Oct 3, 2015.
             Slain by an orc
             ... wielding a +0 hand axe
              (4 damage)
             ... on level 2 of the Dungeon.
             The game lasted 00:05:13 (2265 turns).

derrpe the Sneak (Halfling Enchanter)               Turns: 2265, Time: 00:05:13

Health: -2/31      AC:  5    Str: 13    XL:     5   Next: 45%
Magic:  7/7        EV: 15    Int: 15    God:
Gold:   133        SH:  0    Dex: 15    Spells: 3 memorised, 1 level left

rFire  . . .     SeeInvis .     a - +1 dagger
rCold  . . .     Clarity  .     b - +1 robe
rNeg   . . .     SustAt   .     (shield restricted)
rPois  .         Gourm    +     (no helmet)
rElec  .         Spirit   .     s - +0 cloak
rCorr  .         Warding  .     (no gloves)
rMut   .         Stasis   .     j - +0 pair of boots
MR     .....                    r - amulet of the gourmand
Stlth  +++.......               (no ring)
                                (no ring)

@: mighty, not resistant to hostile enchantments, fairly stealthy
A: mutation resistance 1
a: no special abilities


You were on level 2 of the Dungeon.
You were full.

You visited 1 branch of the dungeon, and saw 3 of its levels.

You collected 133 gold pieces.

Inventory:

Hand weapons
 a - a +1 dagger (weapon)
Missiles
 i - a throwing net (quivered)
 k - 9 arrows
 m - 37 stones
Armour
 b - a +1 robe (worn)
 j - a +0 pair of boots (worn)
 s - a +0 cloak (worn)
Jewellery
 r - an amulet of the gourmand (around neck)
Magical devices
 n - a wand of polymorph (18)
Scrolls
 f - 4 scrolls of random uselessness {unknown}
 g - 4 scrolls of identify
 l - a scroll of amnesia {unknown}
 o - 4 scrolls of remove curse {unknown}
 q - a scroll of magic mapping {unknown}
 v - a scroll of fear {unknown}
Potions
 e - a potion of magic
Books
 c - a book of Maledictions

   Spells                             Type                      Level
   a - Corona                         Hexes                        1
   b - Ensorcelled Hibernation        Hexes/Ice                    2
   c - Confuse                        Hexes                        3
   d - Tukima's Dance                 Hexes                        3
   e - Dazzling Spray                 Conjuration/Hexes            3
Comestibles
 d - 4 bread rations {@e1}
 t - a meat ration {@e2}
 w - a beef jerky


   Skills:
 - Level 1.3 Short Blades
 - Level 2.1 Dodging
 + Level 4.5 Stealth
 - Level 1.5 Spellcasting
 * Level 4.1 Hexes
 + Level 1.9 Ice Magic


You had one spell level left.
You knew the following spells:

 Your Spells              Type           Power        Failure   Level  Hunger
a - Corona                Hex            ##.....      4%          1    ##.....
b - Ensorcelled Hibernat  Hex/Ice        ##....       12%         2    ###....
c - Confuse               Hex            ##......     14%         3    ####...


Dungeon Overview and Level Annotations

Branches:
Dungeon (3/15)

Altars:
Makhleb
Yredelemnul
The Shining One

Annotations:
D:3 gp7's ghost, average DrBe


Innate Abilities, Weirdness & Mutations

You are small and have problems with some larger weapons.
You are somewhat resistant to further mutation.


Message History

e - a potion of magic The orc completely misses you.
The orc barely misses you. The orc closely misses you. The orc misses you.
The orc hits you but does no damage. The orc misses you.
Drink which item? (? for menu, Esc to quit)
It was a potion of might.
You feel very mighty all of a sudden. The orc misses you. The orc hits you.
The orc hits you with a hand axe.
* * * LOW HITPOINT WARNING * * *
The orc barely misses you. The orc hits you with a mace.
* * * LOW HITPOINT WARNING * * *
Read which item? (? for menu, Esc to quit)
As you read the scroll labeled URRUTR AMUW, it crumbles to dust.
It is a scroll of recharging.
Charge which item? (? for menu, Esc to quit)
Your wand of polymorph {zapped: 2} glows for a moment.
The orc closely misses you. x2
The orc hits you but does no damage. The orc misses you.
The orc hits you with a hand axe.
You die...

#########
################.......#
#....##................+
#....##...#...##.......#
######....##oo.#...##.......#
#.........oo@o.+...+.........
#.###.....##oo.#...##########
#.# #.....##...#...# #.#
#.....##...#...# #.#
#...).##...#...#
#.###.....##########
#.........# #######.###
#.########


You could see 7 orcs.

Vanquished Creatures
  A hound (D:2)
  Crazy Yiuf (D:2)
  3 adders (D:2)
  2 oozes (D:1)
  2 worms (D:2)
  A giant gecko (D:2)
  A ball python (D:1)
  6 bats
  2 giant cockroaches (D:2)
  5 hobgoblins
  4 kobolds
  A quokka (D:2)
  A giant newt (D:2)
  3 goblins
  4 rats
37 creatures vanquished.

Notes
Turn   | Place    | Note
--------------------------------------------------------------
     0 | D:1      | derrpe the Halfling Enchanter began the quest for the Orb.
     0 | D:1      | Reached XP level 1. HP: 11/11 MP: 3/3
    78 | D:1      | Reached XP level 2. HP: 17/17 MP: 4/4
    82 | D:1      | Learned a level 2 spell: Ensorcelled Hibernation
   604 | D:1      | Reached XP level 3. HP: 21/21 MP: 5/5
   862 | D:2      | Reached skill level 1 in Ice Magic
   986 | D:2      | Reached skill level 4 in Stealth
  1087 | D:2      | Found a basalt altar of Yredelemnul.
  1239 | D:2      | Reached XP level 4. HP: 21/27 MP: 3/6
  1315 | D:2      | Found a glowing golden altar of the Shining One.
  1453 | D:2      | Noticed Crazy Yiuf
  1462 | D:2      | Killed Crazy Yiuf
  1676 | D:2      | Learned a level 3 spell: Confuse
  1795 | D:2      | Found a burning altar of Makhleb.
  1799 | D:2      | Reached XP level 5. HP: 31/31 MP: 7/7
  2260 | D:3      | Noticed gp7's ghost (average DrBe)
  2265 | D:2      | Slain by an orc

Vault maps used:
D:1:      sevenhm_arrival_forest_fort_large_4
D:2:      makhleb_blood_cavern_becter, overflow_temple_1_default, tso_altar,
          uniq_crazy_yiuf_cottage
D:3:      st_stairs_12, serial_bayou_pond_c, hangedman_decor_clover_reticule,
          grunt_ministairs_1, kennysheep_generic_room_9, uniq_natasha

Action                   |  1- 3 |  4- 6 || total
-------------------------+-------+-------++-------
Melee: Dagger            |    78 |    46 ||   124
       Unarmed           |       |     1 ||     1
 Cast: Corona            |     8 |     1 ||     9
       Ensorcelled Hiber |     4 |     7 ||    11
  Use: Scroll            |       |     2 ||     2
       Potion            |       |     1 ||     1
 Stab: Sleeping          |     8 |     8 ||    16
  Eat: Chunk             |     8 |    11 ||    19
